 Dungeon Crawl Stone Soup version 0.22-a0-815-gb582571 (webtiles) character file.

768 Supahsalami the Grave Robber (level 7, 0/48 HPs)
             Began as a Vampire Necromancer on July 23, 2018.
             Engulfed by a cloud of freezing vapour (13 damage)
             ... on level 5 of the Dungeon.
             The game lasted 00:18:20 (7084 turns).

Supahsalami the Grave Robber (Vampire Necromancer)  Turns: 7084, Time: 00:18:21

Health: 0/48       AC:  0    Str:  8    XL:     7   Next: 52%
Magic:  12/12      EV: 23    Int: 18    God:
Gold:   289        SH:  0    Dex: 20    Spells: 8/13 levels left

rFire    . . .     SeeInvis +   (weapon currently unavailable)
rCold    + . .     Gourm    .   (shield currently unavailable)
rNeg     + + .     Faith    .   (armour currently unavailable)
rPois    +         Spirit   .   (helmet currently unavailable)
rElec    .         Reflect  .   (cloak currently unavailable)
rCorr    .         Harm     .   (gloves currently unavailable)
MR       .....                  (boots currently unavailable)
Stlth    ++++++....             (no amulet)
HPRegen  0.08/turn              (ring currently unavailable)
MPRegen  0.13/turn              (ring currently unavailable)

@: bat-form, flying, regenerating slowly, very quick
A: tiny, fangs 3, see invisible
a: End Transformation


You were on level 5 of the Dungeon.
You were thirsty.
You were in vampire-bat-form.
You visited 1 branch of the dungeon, and saw 5 of its levels.

You collected 289 gold pieces.

Inventory:

Hand Weapons
 b - a +0 hunting sling
 s - a +1 dagger of venom (melded)
 w - a +1 short sword of freezing
Missiles
 j - 3 throwing nets (quivered)
 k - 158 stones
Armour
 f - a +0 leather armour (melded)
 i - a +0 large shield
 t - a +0 helmet (melded)
Jewellery
 d - a ring of fire (melded)
 h - a +5 ring of slaying (melded)
 u - an uncursed amulet of the gourmand {unknown}
Scrolls
 g - a scroll of fear {unknown}
 l - 2 scrolls of immolation {unknown}
 m - a scroll of fog {unknown}
 p - 6 scrolls of teleportation
 q - a scroll of magic mapping {unknown}
 v - 2 scrolls of amnesia {unknown}
 x - 2 scrolls of remove curse
Potions
 a - a potion of heal wounds
 c - 2 potions of blood
 n - 3 potions of curing
 o - 2 potions of brilliance
 r - a potion of agility {unknown}
 z - a potion of invisibility {unknown}
 A - 2 potions of berserk rage


   Skills:
 + Level 1.0 Fighting
 + Level 4.4 Dodging
 + Level 6.4 Stealth
 + Level 3.8 Spellcasting
 * Level 7.2 Necromancy


You had 8 spell levels left.
You knew the following spells:

 Your Spells              Type           Power        Failure   Level  Hunger
a - Pain                  Necr           ####         1%          1    None
b - Animate Skeleton      Necr           N/A          1%          1    None
c - Vampiric Draining     Necr           ####......   2%          3    ###....

Your spell library contained the following spells:

 Spells                   Type           Power        Failure   Level  Hunger
 Animate Dead             Necr           N/A          8%          4    ####...
 Regeneration             Chrm/Necr      ###.......   10%         3    ###....


Dungeon Overview and Level Annotations

Branches:
Dungeon (5/15)
 Temple: D:4-7

Altars:
Ashenzari
Cheibriados

Annotations:
D:5 Sigmund


Innate Abilities, Weirdness & Mutations

You heal slowly.
You have razor-sharp teeth.
You have supernaturally acute eyesight. (SInv)
((You can survive without breathing.))


Message History

Your ring of fire melds into your body.
Your +5 ring of slaying melds into your body.
Your +1 dagger of venom stops dripping with poison.
Really fly into a travel-excluded area?
Really fly into that cloud of freezing vapour? [Y]es or [N]o only, please.
Really fly into that cloud of freezing vapour? [Y]es or [N]o only, please.
Really fly into that cloud of freezing vapour?
Okay, then.
You are engulfed in freezing vapours.
You resist.
You are engulfed in freezing vapours.
You resist.
You are engulfed in freezing vapours.
You resist.
You are engulfed in freezing vapours.
You resist.
You are engulfed in freezing vapours.
You resist.
* * * LOW HITPOINT WARNING * * *
You are engulfed in freezing vapours.
You resist.
* * * LOW HITPOINT WARNING * * *
You feel better.
You are engulfed in freezing vapours.
You resist.
You die...

.......# #.#.#.#.###.######.#.#
.......# #.#§#§#.# #.# #.#.#
######## #.#§#§#.# #.# #.#.#
##### #.#§#§#.# #.# #.#.. ....#
#.#§#§#.###.######.#.# ###.#
#.#§#§#..........#.#.#
###.########.#§#§#####.####.#.#..
..#.#........#§#§#......# #.#.###
#.#.#.######.#§#b#.###.(# #.#.##.
....#.# #.#§#§#.# #..###.#.##.
#.###.# #.#§#§#.# #..#...#[##.
#.# #.# #.#§#§#.###..###.#.###
#.# #.# #.#§§§#..............#
#.# #.# #.#########..#...#####
#.###.## #.....## #..#[......#
.......# #####.# #..#...###.#
#.###..# #.# #..#...# #.#


There were no monsters in sight!

Vanquished Creatures
  An ogre (D:4)
  A phantom (D:4)
  A water moccasin skeleton (D:4)
  A scorpion (D:5)
  A howler monkey (D:5)
  2 crimson imps (D:5)
  A centaur skeleton (D:5)
  A jelly (D:5)
  2 orc priests (D:4)
  2 orc wizards (D:5)
  An iguana (D:4)
  2 worker ants
  Robin (D:2)
  2 adders
  A shadow imp (D:5)
  2 oozes
  2 adder skeletons
  A worm (D:2)
  3 dart slugs (D:3)
  4 leopard geckos
  9 orcs
  2 giant cockroaches
  14 goblins
  10 hobgoblins
  4 jackals (D:2)
  9 kobolds
  2 quokkas
  3 bats
  3 frilled lizards
  6 rats
94 creatures vanquished.

Notes
Turn   | Place    | Note
-------+----------+-------------------------------------------
     0 | D:1      | Supahsalami the Vampire Necromancer began the quest for the Orb.
     0 | D:1      | Reached XP level 1. HP: 13/13 MP: 3/3
    88 | D:1      | Learned a level 1 spell: Animate Skeleton
   235 | D:1      | Reached XP level 2. HP: 3/19 MP: 0/5
  1543 | D:1      | Reached XP level 3. HP: 24/24 MP: 6/6
  2034 | D:2      | Reached skill level 5 in Necromancy
  2126 | D:2      | Found a shattered altar of Ashenzari.
  2305 | D:2      | Reached XP level 4. HP: 21/30 MP: 7/7
  2468 | D:2      | Noticed Robin
  2496 | D:2      | Killed Robin
  3467 | D:3      | Learned a level 3 spell: Vampiric Draining
  4147 | D:4      | Reached XP level 5. HP: 35/35 MP: 9/9
  4316 | D:4      | Found a snail-covered altar of Cheibriados.
  4426 | D:4      | Reached skill level 5 in Stealth
  4430 | D:4      | Reached skill level 6 in Necromancy
  4562 | D:4      | Noticed a phantom
  5159 | D:4      | Reached XP level 6. HP: 33/41 MP: 10/10
  5595 | D:5      | Entered Level 5 of the Dungeon
  5650 | D:5      | Reached XP level 7. HP: 45/46 MP: 12/12
  5651 | D:5      | Upgraded the game from 0.22-a0-803-gd6d8abe to 0.22-a0-815-gb582571
  5778 | D:5      | Reached skill level 7 in Necromancy
  6519 | D:5      | Reached skill level 1 in Fighting
  6520 | D:5      | Noticed Sigmund
  7084 | D:5      | Engulfed by a cloud of freezing vapour

Vault maps used:
D:1:      minmay_arrival_nine_rooms
D:2:      ashenzari_conservatory_becter, first_ration, uniq_robin
D:4:      cheibriados_altar_1
D:5:      lemuel_ice_spiral_2, minivault_23, uniq_sigmund

Skill      XL: |  1  2  3  4  5  6  7 |
---------------+----------------------+-----
Necromancy     | 5 6 7 |  7.2
Stealth        | 4 5 6 |  6.4
Dodging        | 3 4 |  4.4
Spellcasting   | 3 |  3.8
Fighting       | 1 |  1.0

Action                   |  1- 3 |  4- 6 |  7- 9 || total
-------------------------+-------+-------+-------++-------
Melee: Dagger            |    89 |   112 |    26 ||   227
       Bite              |     6 |     8 |     1 ||    15
 Cast: Pain              |    17 |    14 |    13 ||    44
       Animate Skeleton  |     1 |     6 |       ||     7
       Vampiric Draining |       |     1 |     6 ||     7
 Abil: Bat Form          |       |       |     2 ||     2
       End Transformatio |       |       |     1 ||     1
  Use: Scroll            |       |     3 |     3 ||     6
       Potion            |       |     4 |     5 ||     9
 Stab: Sleeping          |    10 |    13 |       ||    23
Armor: Robe              |    23 |     5 |       ||    28
       Leather armour    |       |    10 |     9 ||    19
Dodge: Dodged            |    60 |    62 |    24 ||   146

Table legend:
 A = Spawn XP
 B = Non-spawn XP
 C = Spawn XP percentage of total XP
 D = Spawn monster count
 E = Non-spawn monster count
 F = Spawn count percentage of total count
 G = Total turns spent on level
                    A         B        C        D         E        F      G
               +---------+---------+-------+---------+---------+-------+---------
         Total |       0 |    1098 |   0.0 |       0 |      94 |   0.0 |  7084
               +---------+---------+-------+---------+---------+-------+---------
           D:1 |       0 |      42 |   0.0 |       0 |      25 |   0.0 |  1622
           D:2 |       0 |      94 |   0.0 |       0 |      26 |   0.0 |  1378
           D:3 |       0 |      47 |   0.0 |       0 |      13 |   0.0 |  1644
           D:4 |       0 |     472 |   0.0 |       0 |      17 |   0.0 |   951
           D:5 |       0 |     443 |   0.0 |       0 |      13 |   0.0 |  1489
               +---------+---------+-------+---------+---------+-------+---------
